[ PARTIDA AOE2 · #495710746 ]
UnrankedMuiscas vs Spanish
Equipo del jugador · DERR
Equipo rival · VICT
[ ANÁLISIS DE REPETICIÓN · EXTRAÍDO DE LA PARTIDA GRABADA ]
Feudal
9:35
Castillos
13:06
Imperial
—
| APM promedio | 48.1 |
| APM pico | 89 |
| eAPM promedio | 24.5 |
| Aldeanos / militares | 87 / 34 |
Foco
⚔️ 19.5% · 🌾 80.5%
Monk ×34
Feudal
9:05
Castillos
12:35
Imperial
29:54
| APM promedio | 42.1 |
| APM pico | 70 |
| eAPM promedio | 23.2 |
| Aldeanos / militares | 78 / 25 |
Foco
⚔️ 28.9% · 🌾 71.1%
Missionary ×16 · Conquistador ×9
Mapa de la partida
Recursos iniciales + cada clic de construcción. Líneas = muros · curvas = relieve. ◆ oro · ⬟ piedra · ● bayas · ✦ reliquia · ◌ hueco del cierre
Tu base· Abierta — flanco sin cerrar
Base de 北冥有鲲· Abierta — flanco sin cerrar
Terreno inicial suavizado · ◌ = hueco del cierre detectado · pasá el cursor para detalles
Inputs por minuto
— monkeyxmy - - 北冥有鲲
Build order — monkeyxmy
Primeras 150 de 207 acciones detectadas
| 0:10 | Construir | Town Center |
| 0:34 | Construir | House |
| 1:06 | Construir | House |
| 1:35 | Crear | Villager (Male) |
| 1:35 | Crear | Villager (Male) |
| 1:35 | Crear | Villager (Male) |
| 1:35 | Crear | Villager (Male) |
| 1:35 | Crear | Villager (Male) |
| 1:40 | Construir | House |
| 2:50 | Construir | House |
| 3:01 | Crear | Villager (Male) |
| 3:01 | Crear | Villager (Male) |
| 3:14 | Crear | Villager (Male) |
| 3:52 | Crear | Villager (Male) |
| 3:58 | Crear | Villager (Male) |
| 3:58 | Crear | Villager (Male) |
| 4:04 | Crear | Villager (Male) |
| 4:08 | Crear | Villager (Male) |
| 4:17 | Crear | Villager (Male) |
| 4:38 | Construir | Settlement |
| 4:45 | Crear | Villager (Male) |
| 4:46 | Crear | Villager (Male) |
| 4:48 | Crear | Villager (Male) |
| 4:48 | Crear | Villager (Male) |
| 4:48 | Crear | Villager (Male) |
| 5:03 | Crear | Villager (Male) |
| 5:03 | Crear | Villager (Male) |
| 5:18 | Construir | House |
| 5:34 | Crear | Villager (Male) |
| 6:10 | Construir | House |
| 7:11 | Investigar | Feudal Age |
| 7:12 | Investigar | Loom |
| 7:12 | Crear | Villager (Male) |
| 9:35 | Edad | Edad Feudal |
| 9:37 | Construir | Blacksmith |
| 9:39 | Construir | Market |
| 9:57 | Investigar | Double-Bit Axe |
| 10:01 | Investigar | Gold Mining |
| 10:26 | Investigar | Castle Age |
| 11:05 | Crear | Villager (Male) |
| 11:06 | Crear | Villager (Male) |
| 13:06 | Edad | Edad de los Castillos |
| 13:08 | Construir | Monastery |
| 13:12 | Construir | Monastery |
| 13:17 | Investigar | Bow Saw |
| 13:19 | Crear | Villager (Male) |
| 13:21 | Investigar | Horse Collar |
| 13:37 | Crear | Monk |
| 13:37 | Crear | Monk |
| 13:44 | Investigar | Sanctity |
| 13:55 | Crear | Monk |
| 14:06 | Construir | Monastery |
| 14:11 | Crear | Monk |
| 14:19 | Crear | Villager (Male) |
| 14:20 | Crear | Villager (Male) |
| 14:20 | Crear | Villager (Male) |
| 14:23 | Construir | Farm |
| 14:28 | Construir | Farm |
| 14:30 | Crear | Monk |
| 14:33 | Crear | Monk |
| 14:46 | Crear | Monk |
| 14:51 | Crear | Monk |
| 14:58 | Construir | House |
| 15:00 | Construir | House |
| 15:02 | Crear | Villager (Male) |
| 15:06 | Crear | Monk |
| 15:22 | Construir | Farm |
| 15:25 | Construir | Farm |
| 15:25 | Crear | Villager (Male) |
| 15:45 | Investigar | Fervor |
| 15:45 | Crear | Villager (Male) |
| 16:07 | Construir | Town Center |
| 16:28 | Crear | Monk |
| 16:40 | Crear | Monk |
| 16:41 | Crear | Villager (Male) |
| 16:47 | Crear | Monk |
| 16:58 | Crear | Monk |
| 17:15 | Crear | Villager (Male) |
| 17:32 | Crear | Monk |
| 17:36 | Construir | Farm |
| 17:37 | Crear | Villager (Male) |
| 17:39 | Construir | Farm |
| 17:43 | Construir | Farm |
| 17:46 | Crear | Monk |
| 18:16 | Investigar | Atonement |
| 18:37 | Crear | Monk |
| 18:38 | Crear | Villager (Male) |
| 19:00 | Crear | Monk |
| 19:01 | Crear | Villager (Male) |
| 19:07 | Crear | Villager (Male) |
| 19:11 | Construir | House |
| 19:12 | Construir | House |
| 19:13 | Construir | House |
| 19:17 | Crear | Monk |
| 19:41 | Crear | Monk |
| 19:41 | Crear | Villager (Male) |
| 19:45 | Construir | House |
| 19:45 | Construir | House |
| 19:47 | Crear | Villager (Male) |
| 20:20 | Construir | Town Center |
| 20:27 | Crear | Villager (Male) |
| 20:33 | Crear | Monk |
| 20:34 | Crear | Villager (Male) |
| 20:49 | Construir | Farm |
| 20:49 | Construir | Farm |
| 20:50 | Construir | Farm |
| 20:50 | Construir | Farm |
| 21:03 | Construir | Town Center |
| 21:04 | Crear | Villager (Male) |
| 21:24 | Crear | Monk |
| 21:24 | Crear | Monk |
| 21:47 | Investigar | Devotion |
| 21:57 | Construir | Farm |
| 21:59 | Construir | Farm |
| 21:59 | Construir | Farm |
| 21:59 | Construir | Farm |
| 21:59 | Construir | Farm |
| 22:00 | Construir | Farm |
| 22:02 | Crear | Villager (Male) |
| 22:41 | Crear | Monk |
| 22:41 | Crear | Monk |
| 22:59 | Crear | Monk |
| 23:02 | Crear | Monk |
| 23:06 | Crear | Monk |
| 23:06 | Crear | Monk |
| 23:16 | Crear | Villager (Male) |
| 23:41 | Crear | Monk |
| 23:47 | Crear | Villager (Male) |
| 23:47 | Investigar | Wheelbarrow |
| 23:52 | Crear | Monk |
| 23:53 | Crear | Villager (Male) |
| 23:58 | Crear | Villager (Male) |
| 23:59 | Crear | Villager (Male) |
| 23:59 | Crear | Villager (Male) |
| 23:59 | Crear | Villager (Male) |
| 23:59 | Crear | Villager (Male) |
| 24:08 | Crear | Monk |
| 24:08 | Crear | Villager (Male) |
| 24:12 | Construir | Town Center |
| 24:26 | Crear | Villager (Male) |
| 24:27 | Crear | Villager (Male) |
| 24:35 | Crear | Villager (Male) |
| 24:43 | Crear | Monk |
| 24:45 | Crear | Villager (Male) |
| 24:54 | Construir | Farm |
| 24:55 | Construir | Farm |
| 24:55 | Construir | Farm |
| 24:55 | Construir | Farm |
| 24:55 | Construir | Farm |
| 25:00 | Investigar | Heavy Plow |
Build order — 北冥有鲲
Primeras 150 de 221 acciones detectadas
| 0:31 | Construir | Town Center |
| 0:52 | Construir | House |
| 0:53 | Construir | House |
| 1:26 | Construir | Mill |
| 1:45 | Crear | Villager (Male) |
| 1:45 | Crear | Villager (Male) |
| 1:45 | Crear | Villager (Male) |
| 1:46 | Crear | Villager (Male) |
| 2:50 | Construir | House |
| 3:12 | Construir | House |
| 3:32 | Crear | Villager (Male) |
| 3:32 | Crear | Villager (Male) |
| 3:44 | Construir | House |
| 4:00 | Crear | Villager (Male) |
| 4:03 | Construir | House |
| 4:17 | Crear | Villager (Male) |
| 4:18 | Crear | Villager (Male) |
| 4:18 | Crear | Villager (Male) |
| 4:25 | Crear | Villager (Male) |
| 4:42 | Construir | Lumber Camp |
| 5:16 | Construir | House |
| 6:00 | Crear | Villager (Male) |
| 6:55 | Investigar | Feudal Age |
| 7:11 | Construir | Mining Camp |
| 7:18 | Construir | House |
| 8:18 | Crear | Villager (Male) |
| 9:05 | Edad | Edad Feudal |
| 9:08 | Construir | Market |
| 9:10 | Construir | Blacksmith |
| 9:22 | Crear | Villager (Male) |
| 9:45 | Investigar | Castle Age |
| 9:45 | Investigar | Castle Age |
| 11:12 | Construir | House |
| 11:49 | Crear | Villager (Male) |
| 11:50 | Investigar | Loom |
| 11:53 | Investigar | Town Watch |
| 12:35 | Edad | Edad de los Castillos |
| 12:37 | Construir | Castle |
| 12:41 | Construir | Monastery |
| 12:43 | Construir | Monastery |
| 12:47 | Investigar | Double-Bit Axe |
| 12:47 | Investigar | Double-Bit Axe |
| 12:48 | Crear | Villager (Male) |
| 12:55 | Investigar | Horse Collar |
| 13:12 | Investigar | Loom |
| 13:18 | Crear | Missionary |
| 13:21 | Crear | Missionary |
| 13:26 | Crear | Villager (Male) |
| 13:49 | Crear | Conquistador |
| 13:49 | Crear | Conquistador |
| 13:57 | Construir | Farm |
| 13:59 | Construir | Farm |
| 14:07 | Crear | Villager (Male) |
| 14:17 | Crear | Conquistador |
| 14:18 | Crear | Villager (Male) |
| 14:41 | Construir | Lumber Camp |
| 14:44 | Crear | Villager (Male) |
| 14:48 | Construir | Farm |
| 14:50 | Construir | Farm |
| 14:56 | Crear | Conquistador |
| 15:08 | Crear | Villager (Male) |
| 15:32 | Crear | Villager (Male) |
| 15:42 | Construir | Town Center |
| 15:49 | Crear | Conquistador |
| 16:13 | Crear | Villager (Male) |
| 16:23 | Crear | Villager (Male) |
| 16:37 | Construir | Farm |
| 16:38 | Construir | Farm |
| 16:46 | Crear | Villager (Male) |
| 16:47 | Crear | Villager (Male) |
| 17:03 | Crear | Villager (Male) |
| 17:06 | Construir | Farm |
| 17:07 | Construir | Farm |
| 17:11 | Construir | Farm |
| 17:14 | Construir | Farm |
| 17:25 | Construir | Farm |
| 17:31 | Construir | Farm |
| 17:33 | Crear | Villager (Male) |
| 17:39 | Crear | Missionary |
| 17:52 | Construir | Farm |
| 18:04 | Crear | Villager (Male) |
| 18:04 | Crear | Villager (Male) |
| 18:06 | Construir | Farm |
| 18:19 | Crear | Villager (Male) |
| 18:36 | Crear | Conquistador |
| 18:37 | Crear | Villager (Male) |
| 18:37 | Crear | Villager (Male) |
| 19:22 | Investigar | Devotion |
| 19:40 | Crear | Villager (Male) |
| 19:40 | Crear | Villager (Male) |
| 19:49 | Construir | Town Center |
| 20:11 | Crear | Villager (Male) |
| 20:17 | Investigar | Inquisition |
| 20:20 | Investigar | Atonement |
| 20:22 | Construir | Monastery |
| 20:23 | Construir | Monastery |
| 20:27 | Construir | Barracks |
| 20:37 | Investigar | Wheelbarrow |
| 20:37 | Investigar | Wheelbarrow |
| 20:42 | Construir | House |
| 20:43 | Construir | House |
| 20:44 | Construir | House |
| 20:45 | Construir | House |
| 20:52 | Construir | House |
| 20:53 | Construir | House |
| 20:55 | Construir | House |
| 20:59 | Crear | Missionary |
| 20:59 | Crear | Missionary |
| 20:59 | Crear | Missionary |
| 21:22 | Crear | Missionary |
| 21:23 | Crear | Missionary |
| 21:23 | Crear | Missionary |
| 21:25 | Crear | Missionary |
| 21:34 | Investigar | Fervor |
| 21:34 | Investigar | Fervor |
| 21:37 | Crear | Villager (Male) |
| 21:39 | Construir | Stable |
| 21:40 | Crear | Villager (Male) |
| 21:42 | Crear | Villager (Male) |
| 21:42 | Crear | Villager (Male) |
| 21:42 | Crear | Villager (Male) |
| 21:50 | Crear | Missionary |
| 21:50 | Crear | Missionary |
| 23:10 | Investigar | Heresy |
| 23:11 | Crear | Villager (Male) |
| 23:11 | Crear | Villager (Male) |
| 23:11 | Crear | Villager (Male) |
| 23:13 | Construir | House |
| 23:14 | Construir | House |
| 23:38 | Crear | Villager (Male) |
| 23:39 | Crear | Villager (Male) |
| 23:39 | Crear | Villager (Male) |
| 23:39 | Crear | Villager (Male) |
| 23:57 | Investigar | Husbandry |
| 23:58 | Crear | Villager (Male) |
| 24:00 | Construir | Farm |
| 24:01 | Construir | Farm |
| 24:03 | Construir | Farm |
| 24:04 | Construir | Farm |
| 24:08 | Construir | House |
| 24:08 | Construir | House |
| 24:11 | Crear | Villager (Male) |
| 24:14 | Construir | Farm |
| 24:19 | Construir | Farm |
| 24:19 | Construir | Farm |
| 24:20 | Construir | Farm |
| 24:20 | Construir | Farm |
| 24:20 | Construir | Farm |
| 24:21 | Construir | Farm |
| 24:28 | Construir | Mill |
Cronología de la partida
| 9:05 | 北冥有鲲 · age_up feudal |
| 9:35 | monkeyxmy · age_up feudal |
| 12:35 | 北冥有鲲 · age_up castle |
| 12:37 | 北冥有鲲 · first_building Castle |
| 12:41 | 北冥有鲲 · first_building Monastery |
| 13:06 | monkeyxmy · age_up castle |
| 13:08 | monkeyxmy · first_building Monastery |
| 18:06 | monkeyxmy · first_market_sell 100 wood |
| 20:27 | 北冥有鲲 · first_building Barracks |
| 21:39 | 北冥有鲲 · first_building Stable |
| 25:43 | 北冥有鲲 · first_market_buy 100 food |
| 27:44 | monkeyxmy · first_market_buy 100 food |
| 29:44 | monkeyxmy · first_building Castle |
| 29:54 | 北冥有鲲 · age_up imperial |
| 30:00 | monkeyxmy · resign |
[ ANÁLISIS IA · 1 CRÉDITO ]
¿Qué pasó realmente en esta partida?
Wolo.gg analiza cada decisión: build order, eco, micro, errores típicos por bracket. Análisis personalizado por WhatsApp o Discord en 30 segundos.
Guía civ
Muiscas
Perfil
monkeyxmy